 Dungeon Crawl Stone Soup version 0.27.1-33-g824d729ab1 (webtiles) character file.

Game seed: 18257127630344052896

30 Nixze the Sneak (level 3, -3/31 HPs)
             Began as a Naga Enchanter on Dec 9, 2021.
             Killed from afar by Natasha (9 damage)
             ... with a magic dart
             ... on level 2 of the Dungeon.
             The game lasted 00:05:53 (1400 turns).

Nixze the Sneak (Naga Enchanter)                    Turns: 1400, Time: 00:05:53

Health: -3/31      AC:  2    Str: 11    XL:     3   Next: 18%
Magic:  2/6        EV:  9    Int: 15    God:
Gold:   40         SH:  0    Dex: 11    Spells: 5/6 levels left

rFire    . . .     SeeInvis +   a - +1 dagger
rCold    . . .     Faith    .   (no shield)
rNeg     . . .     Spirit   .   f - +0 leather armour
rPois    +         Reflect  .   (no helmet)
rElec    .         Harm     .   (no cloak)
rCorr    +         Rampage  .   (no gloves)
Will     .....                  (no barding)
Stlth    ++........             (no amulet)
HPRegen  0.10/turn              k - ring of resist corrosion
MPRegen  0.10/turn              (no ring)

@: short of breath, very slow
A: AC +1, large, see invisible, deformed body, poison resistance, slowness 2,
spit poison 1, naga tail 1
a: Spit Poison


You were on level 2 of the Dungeon.
You visited 1 branch of the dungeon, and saw 2 of its levels.

You collected 40 gold pieces.

Inventory:

Hand Weapons
 a - a +1 dagger (weapon)
 b - a +2 vorpal hunting sling
Missiles
 h - 53 stones
 i - 16 poisoned darts
Armour
 f - a +0 leather armour (worn)
Jewellery
 k - a ring of resist corrosion (left hand)
Scrolls
 c - a scroll of teleportation {unknown}
 d - a scroll of enchant armour {unknown}
 e - a scroll of identify {unknown}
Potions
 g - a potion of invisibility {unknown}
 j - a potion of attraction {unknown}


   Skills:
 + Level 1.5 Fighting
 - Level 1.0 Short Blades
 + Level 0.6 Throwing
 - Level 2.0 Dodging
 - Level 5.0 Stealth
 - Level 2.0 Spellcasting
 - Level 3.0 Hexes


You had 5 spell levels left.
You knew the following spells:

 Your Spells              Type           Power      Damage    Failure   Level
a - Corona                Hex            11%        N/A       9%          1

Your spell library contained the following spells:

 Spells                   Type           Power      Damage    Failure   Level
 Ensorcelled Hibernation  Hex/Ice        12%        N/A       24%         2
 Confusing Touch          Hex            10%        N/A       26%         3
 Tukima's Dance           Hex            10%        N/A       26%         3
 Dazzling Flash           Conj/Hex       12%        N/A       43%         3


Dungeon Overview and Level Annotations

Branches:
Dungeon (2/15)

Altars:

Annotations:
D:2 Natasha


Innate Abilities, Weirdness & Mutations

Your serpentine skin is tough. (AC +1)
You have supernaturally acute eyesight. (SInv)
Armour fits poorly on your strangely shaped body.
Your system is resistant to poisons. (rPois)
You cover ground very slowly.
You can spit poison.
You have a snake-like lower body.


Message History

Aiming: Corona (safe; 9% risk of failure)
Press: ? - help, Shift-Dir - straight line, f/p - Natasha
Aim: Natasha (chance to affect: 46%) Natasha resists with significant effort.
Casting: Corona (safe; 9% risk of failure)
Confirm with . or Enter, or press ? or * to list all spells.
Aiming: Corona (safe; 9% risk of failure)
Press: ? - help, Shift-Dir - straight line, f/p - Natasha
Aim: Natasha (chance to affect: 46%) Natasha resists with significant effort.
Casting: Corona (safe; 9% risk of failure)
Confirm with . or Enter, or press ? or * to list all spells.
Aiming: Corona (safe; 9% risk of failure)
Press: ? - help, Shift-Dir - straight line, f/p - Natasha
Aim: Natasha (chance to affect: 46%) Natasha is outlined in light.
Natasha casts a spell at you. The magic dart hits you!
Press: ? - help, Shift-Dir - straight line, f/p - Natasha
Aim: Natasha (softly glowing)
The splash of poison hits Natasha.
Natasha is lightly wounded.
You shoot a stone. The stone hits Natasha.
Natasha is heavily wounded.
Natasha claws you!
You are too injured to fight recklessly!
a - a +1 dagger (weapon)
Natasha barely misses you.
You hit Natasha but do no damage.
Natasha is heavily wounded.
Your magical contamination has completely faded away.
You barely miss Natasha.
Natasha is heavily wounded.
Natasha claws you!
* * * LOW HITPOINT WARNING * * *
You barely miss Natasha.
Natasha is heavily wounded.
Natasha stares at you and mumbles some strange words.
The magic dart hits you!
You die...

#.......####.#########
#####...# #..........
#...##############
#..........
#....######
#..####........
...........#.#.# #
###.###.##.#... # #@#
.# ### # #..h:...# #
#.....#.#### #
#.###.#.# # . ... # #.
..# # # ..# # #..# # #


You could see Natasha (corona).

Vanquished Creatures
  A dart slug (D:1)
  An orc (D:2)
  3 endoplasms (D:1)
  4 hobgoblins (D:1)
  A jackal (D:1)
  A quokka (D:1)
  4 ball pythons (D:1)
  A bat (D:1)
  2 frilled lizards (D:1)
  3 goblins
  A kobold (D:1)
  3 rats (D:1)
25 creatures vanquished.

Vanquished Creatures (others)
  A fungus (D:1)
1 creature vanquished.

Grand Total: 26 creatures vanquished

Notes
Turn   | Place    | Note
-------+----------+-------------------------------------------
     0 | D:1      | Nixze the Naga Enchanter began the quest for the Orb.
     0 | D:1      | Reached XP level 1. HP: 15/15 MP: 3/3
    83 | D:1      | Reached skill level 5 in Stealth
   440 | D:1      | Reached XP level 2. HP: 24/24 MP: 3/5
   706 | D:1      | Reached skill level 1 in Fighting
  1044 | D:1      | Reached XP level 3. HP: 31/31 MP: 6/6
  1390 | D:2      | Noticed Natasha
  1400 | D:2      | Killed from afar by Natasha

Illustrated notes

Levels and vault maps discovered:
D:1:      wander_arrival_fairy_ring, layout_rooms, grunt_decor_clamped,
          supply_closet_lemuel, chequers_serial_rivers_room_a,
          minmay_pentomino_p2
D:2:      layout_basic, uniq_natasha

Skill      XL: |  1  2 |
---------------+-------+-----
Stealth        | 5 |  5.0
Fighting       | 1 |  1.5
Dodging        | 2 |  2.0
Short Blades   | |  1.0
Throwing       | |  0.6
Spellcasting   | |  2.0
Hexes          | |  3.0

Action                   || total
-------------------------++-------
Melee: Dagger            ||    15
 Fire: Hunting sling     ||    30
Throw: Stone             ||     5
 Cast: Corona            ||    17
 Abil: Spit Poison       ||    14
Armor: Leather armour    ||     1
Dodge: Dodged            ||     7
